 Dungeon Sprint DCSS version 0.22.1-1-ga44c0e56f4 (webtiles) character file.

17971 MuseOD the Imperceptible (level 12, -4/59 (60) HPs)
             Began as a Spriggan Enchanter on Sept 23, 2018.
             Was the Champion of Dithmenos.
             Slain by a yaktaur captain (27 damage)
             ... in the Dungeon (Sprint II: "The Violet Keep of Menkaure").
             The game lasted 00:07:34 (1295 turns).

MuseOD the Imperceptible (Spriggan Enchanter)       Turns: 1295, Time: 00:07:35

HP:   -4/59 (60)    AC:  2    Str:  4    XL:     12   Next: 23%
MP:   18/35         EV: 18    Int: 27    God:    Dithmenos [******]
Gold: 798           SH:  0    Dex: 17    Spells: 35/47 levels left

rFire    + . .     SeeInvis +   a - +1 dagger
rCold    + . .     Gourm    .   (shield restricted)
rNeg     + + .     Faith    .   b - +0 robe
rPois    .         Spirit   .   (helmet restricted)
rElec    .         Reflect  .   q - scarf {rC+ rF+}
rCorr    .         Harm     .   (gloves unavailable)
MR       +++..     NoTele   +   (boots unavailable)
Stlth    ++++++++++             v - amulet of magic regeneration
HPRegen  0.19/turn              t - ring of the Sunfish {Wiz rN++ Int+6}
MPRegen  0.49/turn              u - ring of protection from magic

@: wreathed by umbra, very quick
A: very small, unfitting armour, see invisible, herbivore, speed 3, slow
metabolism 2
a: Shadow Step, Shadow Form, Renounce Religion


You were in the Dungeon.
You worshipped Dithmenos.
Dithmenos was exalted by your worship.
You were not hungry.

You visited 1 branch You collected 2168 gold pieces.
You spent 1370 gold pieces at shops.

Inventory:

Hand Weapons
 a - a +1 dagger (weapon)
Armour
 b - a +0 robe (worn)
 q - a scarf of resistance (worn)
Jewellery
 t - the ring of the Sunfish (left hand) {Wiz rN++ Int+6}
   (You bought it in a shop in the Dungeon)

   [ring of wizardry]

   It improves your spell success rate.
   It affects your intelligence (+6).
   It greatly protects you from negative energy.
 u - a ring of protection from magic (right hand)
 v - an amulet of magic regeneration (around neck)
Scrolls
 i - 3 scrolls of magic mapping
 j - 2 scrolls of blinking
 k - 4 scrolls of identify {unknown}
 m - a scroll of amnesia {unknown}
 p - a scroll of enchant weapon {unknown}
Potions
 c - 3 potions of resistance {unknown}
 e - 7 potions of curing
 f - 2 potions of heal wounds
 g - 4 potions of haste
 h - 6 potions of magic
 l - 2 potions of agility {unknown}
 n - 5 potions of flight
 o - 2 potions of lignification {unknown}
 r - a potion of experience {unknown}
 s - a potion of invisibility
Comestibles
 d - 8 rations


   Skills:
 - Level 5.4 Fighting
 + Level 11.9 Short Blades
 - Level 3.0 Dodging
 + Level 24.9 Stealth
 - Level 18.3 Spellcasting
 - Level 18.4 Hexes


You had 35 spell levels left.
You knew the following spells:

 Your Spells              Type           Power        Failure   Level  Hunger
a - Corona                Hex            #######      0%          1    None
b - Ensorcelled Hibernat  Hex/Ice        ######       1%          2    None
c - Confuse               Hex            #######.     0%          3    None
d - Dazzling Spray        Conj/Hex       ######       1%          3    None
e - Tukima's Dance        Hex            #######.     0%          3    None

Your spell library contained the following spells:

 Spells                   Type           Power        Failure   Level  Hunger
 Poisonous Vapours        Pois/Air       ###...       1%          2    None
 Swiftness                Chrm/Air       ###.....     1%          2    None
 Silence                  Hex/Air        ######....   1%          5    None
 Summon Mana Viper        Hex/Summ       ######..     1%          5    None
 Recall                   Summ/Tloc      N/A          2%          3    None
 Aura of Abjuration       Summ           ###.......   21%         5    None
 Irradiate                Conj/Tmut      ###.......   21%         5    None
 Lightning Bolt           Conj/Air       ###.......   21%         5    None
 Summon Demon             Summ           ###.......   21%         5    None
 Summon Forest            Summ/Tloc      ###.......   21%         5    None
 Shadow Creatures         Summ           N/A          71%         6    ##.....


Dungeon Overview and Level Annotations

Branches:
Dungeon (1/1)

Altars:
Cheibriados
Dithmenos
Elyvilon
Fedhas
Gozag
Hepliaklqana
Kikubaaqudgha
Makhleb
Nemelex Xobeh
Okawaru
Qazlal
Ru
Sif Muna
Trog
Uskayaw
Vehumet
Wu Jian
Xom
Yredelemnul
Zin
The Shining One
Beogh
Jiyva
Lugonu

Shops:
D :[(=!?!*!*}=[=:%

Annotations:
D exclusion: oklob plant


Innate Abilities, Weirdness & Mutations

You are very small and have problems with some larger weapons.
You are too small for most types of armour.
You have supernaturally acute eyesight. (SInv)
You are a herbivore.
You cover ground extremely quickly.
You need to consume almost no food.


Message History

The spray of energy misses the yaktaur captain.
The spray of energy misses the centaur warrior.
The spray of energy hits the kobold demonologist.
The kobold demonologist is lightly wounded.
The kobold demonologist is dazzled.
You hear an angry hiss.
The yaktaur captain barely misses you.
The kobold demonologist hits you but does no damage.
You catch the helpless kobold demonologist completely off-guard!
You skewer the kobold demonologist like a kebab!!!
You kill the kobold demonologist!
Dithmenos accepts your kill.
Casting: Dazzling Spray (safe; 1% risk of failure)
Confirm with . or Enter, or press ? or * to list all spells.
Aiming: Confuse (safe; 0% risk of failure)
Press: ? - help, Shift-Dir - straight line, f/p - yaktaur captain
Aim: a yaktaur captain (black smoke, umbra, chance to defeat MR: 54%)
The yaktaur captain resists with significant effort.
The yaktaur captain hits you!!
You die...

********************** #.)
*,,,,,,+,,*,∩∩∩∩+,+,,###).
*,,,,,,*,,*******,***#....
*+******+**,,****+***#..†.
*∩∩∩∩∩∩*,,+,**≈≈≈,≈≈≈##⌠..
*∩∩∩∩∩∩*,,***≈≈≈,,≈≈,≈##††
*****####,,+,≈≈≈≈≈≈≈≈,,##'
*,,,*#.Yc####≈≈≈≈≈,§§≈##≈.
*,,,,#$§c@§§##≈≈≈,§.≈*#)≈^
############§≈#+++#+++*####
###########≈≈≈........,#..'
##.....∩.∩#≈≈≈≈.##+##..#..#
##....∩.∩.#≈≈≈≈##.#.##.####
##...∩.∩..#≈≈≈≈#.†#††#....#
##..∩.∩...#≈≈#####.#####..#
##.⌠.∩....#≈##,**#'###.##..
##..∩.∩...#≈#*,,##.##...#..


You could see a yaktaur captain, an elephant and a centaur warrior.

Vanquished Creatures
  A deep elf master archer (D)
  2 sphinxes (D)
  Kirke (D)
  A kraken (D)
  A fire dragon (D)
  A crystal guardian (D)
  A death yak (D)
  A skeletal warrior (D)
  2 unseen horrors (D)
  2 death drakes (D)
  2 deep trolls (D)
  2 spiny frogs (D)
  A yaktaur (D)
  A kobold demonologist (D)
  5 polar bears (D)
  A hornet (D)
  2 hippogriffs (D)
  2 redbacks (D)
  3 yaks (D)
  Menkaure (D)
  2 swamp drakes (D)
  3 black bears (D)
  4 necrophages (D)
  3 crocodiles (D)
  4 worker ants (D)
  A spectral bat (D)
  A spectral jackal (D)
51 creatures vanquished.

Vanquished Creatures (others)
  A crocodile (D)
  4 tentacles (D)
5 creatures vanquished.

Grand Total: 56 creatures vanquished

Notes
Turn   | Place    | Note
-------+----------+-------------------------------------------
     0 | D        | MuseOD the Spriggan Enchanter began the quest for the Orb.
     0 | D        | Reached XP level 1. HP: 9/9 MP: 5/5
     1 | D        | Noticed a necrophage
     1 | D        | Noticed a necrophage
     1 | D        | Noticed a necrophage
     1 | D        | Noticed a necrophage
    11 | D        | Killed a necrophage
    11 | D        | Reached skill level 7 in Stealth
    11 | D        | Reached XP level 2. HP: 4/15 MP: 6/6
    11 | D        | Reached XP level 3. HP: 5/19 MP: 8/8
    11 | D        | Reached XP level 4. HP: 6/23 MP: 9/9
    16 | D        | Killed a necrophage
    16 | D        | Reached skill level 9 in Stealth
    16 | D        | Reached XP level 5. HP: 8/28 MP: 10/10
    19 | D        | Killed a necrophage
    19 | D        | Reached skill level 10 in Stealth
    25 | D        | Killed a necrophage
    25 | D        | Reached skill level 5 in Fighting
    25 | D        | Reached skill level 10 in Short Blades
    25 | D        | Reached skill level 11 in Stealth
    25 | D        | Reached XP level 6. HP: 7/34 MP: 11/11
    29 | D        | Learned a level 2 spell: Ensorcelled Hibernation
    33 | D        | Learned a level 3 spell: Confuse
    66 | D        | Reached skill level 12 in Stealth
    66 | D        | Reached skill level 5 in Hexes
    73 | D        | Learned a level 3 spell: Dazzling Spray
    77 | D        | Noticed a hippogriff
    77 | D        | Noticed a hippogriff
    80 | D        | Killed a hippogriff
    80 | D        | Reached XP level 7. HP: 14/38 MP: 12/17
    83 | D        | Killed a hippogriff
    83 | D        | Reached skill level 13 in Stealth
   101 | D        | Found a stormy altar of Qazlal.
   102 | D        | Found a hazy altar of Hepliaklqana.
   102 | D        | Found a sacrificial altar of Ru.
   102 | D        | Found an ornate altar of the Wu Jian Council.
   103 | D        | Found a roughly hewn altar of Beogh.
   103 | D        | Found a viscous altar of Jiyva.
   103 | D        | Found a deep blue altar of Sif Muna.
   103 | D        | Found a shimmering altar of Xom.
   104 | D        | Found a glowing golden altar of the Shining One.
   104 | D        | Found a basalt altar of Yredelemnul.
   106 | D        | Found a snail-covered altar of Cheibriados.
   106 | D        | Found an ancient bone altar of Kikubaaqudgha.
   106 | D        | Found a bloodstained altar of Trog.
   107 | D        | Found a shadowy altar of Dithmenos.
   107 | D        | Found a corrupted altar of Lugonu.
   107 | D        | Found a hide-covered altar of Uskayaw.
   108 | D        | Found a white marble altar of Elyvilon.
   108 | D        | Found a burning altar of Makhleb.
   109 | D        | Found a blossoming altar of Fedhas.
   111 | D        | Found an opulent altar of Gozag.
   111 | D        | Found a sparkling altar of Nemelex Xobeh.
   112 | D        | Found a glowing silver altar of Zin.
   112 | D        | Found a radiant altar of Vehumet.
   112 | D        | Found an iron altar of Okawaru.
   116 | D        | Became a worshipper of Dithmenos the Shadowed
   125 | D        | Noticed a redback
   126 | D        | Noticed a redback
   127 | D        | Killed a redback
   127 | D        | Reached skill level 14 in Stealth
   129 | D        | Killed a redback
   129 | D        | Reached XP level 8. HP: 21/43 MP: 18/21
   137 | D        | Noticed a fire dragon
   140 | D        | Killed a fire dragon
   140 | D        | Reached * piety under Dithmenos
   140 | D        | Reached skill level 16 in Stealth
   140 | D        | Reached skill level 10 in Spellcasting
   140 | D        | Reached skill level 10 in Hexes
   150 | D        | Noticed a deep elf master archer
   156 | D        | Reached XP level 9. HP: 25/46 MP: 21/24
   159 | D        | Reached ** piety under Dithmenos
   159 | D        | Reached skill level 17 in Stealth
   175 | D        | Noticed a yaktaur
   175 | D        | Noticed a polar bear
   176 | D        | Noticed a polar bear
   176 | D        | Noticed a polar bear
   177 | D        | Killed a polar bear
   178 | D        | Killed a polar bear
   181 | D        | Killed a polar bear
   181 | D        | Reached *** piety under Dithmenos
   181 | D        | Reached skill level 18 in Stealth
   183 | D        | Killed a yaktaur
   347 | D        | Noticed a kraken
   477 | D        | HP: 2/46 [kraken (37)]
   478 | D        | Killed a kraken
   478 | D        | Reached skill level 19 in Stealth
   478 | D        | Reached XP level 10. HP: 2/50 MP: 24/29
   582 | D        | Learned a level 3 spell: Tukima's Dance
   688 | D        | Noticed a death drake
   834 | D        | Noticed a death drake
   834 | D        | Noticed a crystal guardian
   837 | D        | Reached **** piety under Dithmenos
   839 | D        | Killed a crystal guardian
   839 | D        | Reached skill level 20 in Stealth
   840 | D        | Killed a death drake
   840 | D        | Reached skill level 15 in Hexes
   842 | D        | Killed a death drake
   842 | D        | Reached skill level 15 in Spellcasting
   869 | D        | Killed a deep elf master archer
   869 | D        | Reached ***** piety under Dithmenos
   869 | D        | Reached skill level 21 in Stealth
   869 | D        | Reached XP level 11. HP: 41/55 MP: 25/31
   906 | D        | Noticed an unseen horror
   906 | D        | Noticed an unseen horror
   907 | D        | Noticed a death yak
   908 | D        | Killed a death yak
   914 | D        | Killed an unseen horror
   914 | D        | Reached skill level 22 in Stealth
   919 | D        | Killed an unseen horror
   941 | D        | Reached ****** piety under Dithmenos
   978 | D        | Identified the Compendium of the First People
  1129 | D        | Noticed a deep troll
  1130 | D        | Noticed a deep troll
  1132 | D        | Killed a deep troll
  1133 | D        | Killed a deep troll
  1133 | D        | Reached skill level 23 in Stealth
  1154 | D        | Noticed a sphinx
  1155 | D        | Noticed a sphinx
  1157 | D        | Killed a sphinx
  1158 | D        | Killed a sphinx
  1158 | D        | Reached skill level 24 in Stealth
  1158 | D        | Reached XP level 12. HP: 51/59 MP: 33/35
  1244 | D        | Found Siti's Book Emporium.
  1245 | D        | Found Qeashroli's Antique Armour Shoppe.
  1246 | D        | Found Lejoat Ewee's Assorted Antiques.
  1246 | D        | Found Waqaf's Distillery.
  1246 | D        | Found Zoism's Assorted Antiques.
  1247 | D        | Found Yqoacw's Magic Scroll Emporium.
  1247 | D        | Found Nudy's Distillery.
  1247 | D        | Found Cuiqi's Jewellery Shoppe.
  1247 | D        | Found Tosuzuaci's Jewellery Emporium.
  1248 | D        | Found Zaunn's Antique Weapon Shoppe.
  1248 | D        | Found Ratogup's Antique Armour Emporium.
  1249 | D        | Found Ican's Jewellery Shoppe.
  1249 | D        | Found Aniero's Distillery.
  1249 | D        | Noticed an ice dragon
  1250 | D        | Found Urrauc's Food Shoppe.
  1250 | D        | Found Gobri's Gadget Emporium.
  1252 | D        | Noticed Menkaure
  1253 | D        | Found Nuos's Book Shoppe.
  1258 | D        | Bought a potion of invisibility for 104 gold pieces
  1263 | D        | Bought the ring of the Sunfish {Wiz rN++ Int+6} for 661
                  | gold pieces
  1263 | D        | Bought an uncursed ring of protection from magic for 275
                  | gold pieces
  1263 | D        | Bought an uncursed amulet of magic regeneration for 330
                  | gold pieces
  1283 | D        | Noticed Kirke
  1284 | D        | Killed Menkaure
  1285 | D        | Noticed a centaur warrior
  1285 | D        | Noticed a yaktaur captain
  1288 | D        | Killed Kirke
  1295 | D        | Slain by a yaktaur captain

Skill      XL: |  1  2  3  4  5  6  7  8  9 10 11 12 |
---------------+-------------------------------------+-----
Fighting       | 3 4 5 |  5.4
Short Blades   | 6 8 10 11 | 11.9
Stealth        | 7 9 11 12 14 16 19 21 24 | 24.9
Spellcasting   | 6 8 10 14 15 18 | 18.3
Hexes          | 6 8 11 14 16 18 | 18.4
Dodging        | |  3.0

Action                   |  1- 3 |  4- 6 |  7- 9 | 10-12 || total
-------------------------+-------+-------+-------+-------++-------
Melee: Dagger            |     9 |    17 |    39 |    48 ||   113
 Cast: Confuse           |       |       |     4 |     7 ||    11
       Dazzling Spray    |       |       |     2 |     2 ||     4
       Ensorcelled Hiber |       |       |       |     5 ||     5
Invok: Shadow Step       |       |       |       |     2 ||     2
  Use: Potion            |     1 |       |       |     1 ||     2
       Scroll            |       |       |       |     1 ||     1
 Stab: Sleeping          |       |     5 |    12 |    22 ||    39
       Confused          |       |       |     6 |     2 ||     8
       Invisible         |       |       |       |     3 ||     3
       Distracted        |       |       |       |     1 ||     1
Armor: Robe              |       |     1 |       |     6 ||     7
Dodge: Dodged            |     3 |     4 |     4 |    48 ||    59
